Map: Glittering Ashes LE

Players

JackBauer

  • Race: Protoss Protoss
  • League: Platinum
  • Spawn Location: 7:00

Thisgame - Winner!

  • Race: Protoss Protoss
  • League: Diamond
  • Spawn Location: 1:00

VOD

Have the link to the VOD?

Description

Time

  • Played on: June 27, 2022, 11:46 p.m.
  • Length: 12:37
Show
View Real Time Build Order
Export as new Build Order

JackBauer Protoss 

Build Orders:  

Get SALT Encoding   

  12  0:00  Probe  
  13  0:12  Probe  
  14  0:20  Pylon  
  14  0:24  Probe  
  15  0:38  Probe  
  15  0:41  Gateway  
  16  0:46  Assimilator  
  16  0:50  Probe  
  17  1:02  Probe  
  18  1:08  Assimilator  
  18  1:14  Probe  
  19  1:20  Gateway  
  19  1:34  Probe  
  20  1:40  Pylon  
  20  1:47  Probe  
  21  1:59  Probe  
  22  2:01  Cybernetics Core  
  22  2:11  Probe  
  23  2:23  Probe  
  23  2:26  Nexus  
  24  2:36  Stalker x2 (Chrono Boost)  
  24  2:41  Warp Gate (Chrono Boost)  
  28  2:54  Probe  
  28  2:56  Stalker (Chrono Boost)  
  31  3:13  Pylon  
  31  3:31  Probe  
  32  3:38  Probe  
  33  3:43  Probe  
  34  3:51  Pylon  
  34  4:04  Probe x2  
  34  4:08  Gateway  
  36  4:10  Gateway  
  36  4:11  Pylon  
  36  4:18  Probe x2, Twilight Council  
  38  4:25  Zealot x2  
  38  4:30  Probe x2  
  44  4:42  Stalker  
  44  4:43  Stalker  
  48  4:47  Probe x2  
  48  4:50  Charge (Chrono Boost)  
  50  4:59  Zealot  
  52  5:00  Zealot  
  52  5:04  Probe x2  
  56  5:10  Forge  
  56  5:13  Stalker x2  
  60  5:14  Forge  
  60  5:17  Pylon  
  60  5:21  Zealot  
  60  5:22  Zealot  
  60  5:23  Probe  
  60  5:24  Probe  
  66  5:31  Assimilator  
  66  5:35  Assimilator  
  66  5:36  Probe x2  
  66  5:38  Pylon  
  68  5:43  Protoss Ground Weapons Level 1 (Chrono Boost)  
  68  5:47  Pylon  
  68  5:55  Zealot, Protoss Ground Armor Level 1 (Chrono Boost)  
  68  5:56  Zealot x2  
  74  5:59  Sentry  
  74  6:01  Probe x2  
  78  6:28  Zealot x2  
  78  6:29  Zealot x2  
  82  6:49  Pylon  
  64  7:13  Zealot  
  64  7:14  Zealot x3  
  66  7:26  Pylon  
  62  7:39  Zealot x3  
  62  7:40  Zealot  
  64  7:54  Protoss Ground Armor Level 2 (Chrono Boost), Protoss Ground Weapons Level 2 (Chrono Boost)  
  64  8:04  Zealot  
  64  8:05  Zealot x2  
  70  8:06  Zealot  
  72  8:14  Gateway  
  72  8:15  Gateway  
  72  8:17  Gateway  
  72  8:19  Gateway  
  72  8:21  Pylon  
  72  8:23  Pylon  
  72  8:30  Nexus  
  72  8:31  Pylon  
  72  8:33  Probe x2  
  72  8:34  Pylon  
  74  8:37  Stalker x3, Assimilator  
  74  8:38  Stalker  
  82  8:41  Assimilator  
  82  8:47  Blink  
  82  8:54  Probe x2  
  84  9:02  Stalker  
  86  9:03  Stalker, Zealot  
  86  9:04  Zealot, Pylon  
  86  9:09  Pylon  
  92  9:19  Robotics Facility x2  
  92  9:26  Sentry  
  92  9:28  Sentry  
  96  9:43  Probe x2  
  96  9:44  Probe  
  99  9:46  Pylon  
  99  9:49  Pylon  
  99  9:52  Stalker x3  
  105  9:53  Stalker x2  
  109  10:12  Observer x2  
  111  10:23  Probe x3  
  114  10:35  Robotics Bay  
  114  10:46  Stalker  
  114  10:47  Stalker x2  
  114  10:48  Stalker  
  114  10:49  Stalker x2  
  126  10:50  Stalker  
  126  10:51  Stalker  
  130  11:00  Probe x2  
  130  11:03  Probe  
  99  12:04  Zealot x4  
  86  12:17  Probe x3  
Show
View Real Time Build Order
Export as new Build Order

Thisgame Protoss - Winner!

Build Orders: Blink Stalkers 

Get SALT Encoding   

  12  0:00  Probe  
  13  0:13  Probe  
  14  0:20  Pylon  
  14  0:25  Probe  
  15  0:44  Gateway  
  15  0:47  Probe  
  16  0:50  Assimilator  
  16  0:59  Probe  
  17  1:11  Probe  
  18  1:23  Probe  
  19  1:33  Cybernetics Core  
  19  1:36  Probe  
  20  1:46  Cybernetics Core  
  20  1:51  Nexus  
  20  1:54  Probe  
  21  1:57  Pylon  
  21  2:04  Assimilator  
  21  2:06  Probe  
  22  2:18  Probe  
  22  2:19  Warp Gate (Chrono Boost)  
  22  2:22  Gateway  
  23  2:28  Stalker  
  25  2:30  Probe  
  26  2:43  Probe, Twilight Council  
  27  2:55  Probe  
  27  2:57  Shield Battery  
  28  3:01  Stalker  
  28  3:05  Probe (Chrono Boost)  
  31  3:08  Probe (Chrono Boost)  
  32  3:15  Stalker  
  32  3:17  Probe (Chrono Boost)  
  35  3:24  Probe x2 (Chrono Boost)  
  37  3:32  Blink  
  37  3:34  Probe  
  37  3:35  Probe  
  39  3:47  Probe x2  
  41  4:05  Stalker x2  
  45  4:10  Nexus  
  45  4:14  Probe (Chrono Boost), Pylon  
  46  4:30  Probe, Pylon  
  46  4:35  Gateway  
  46  4:36  Gateway  
  46  4:37  Assimilator, Gateway  
  47  4:40  Probe (Chrono Boost)  
  47  4:42  Assimilator  
  49  4:47  Probe (Chrono Boost)  
  49  4:51  Probe (Chrono Boost)  
  50  4:56  Probe x2 (Chrono Boost)  
  52  5:01  Robotics Facility  
  52  5:06  Probe x2  
  54  5:14  Stalker x2  
  54  5:18  Probe  
  59  5:24  Pylon  
  59  5:27  Probe  
  59  5:28  Probe  
  61  5:30  Probe  
  62  5:39  Probe, Pylon  
  62  5:40  Probe  
  62  5:42  Nexus  
  68  5:52  Observer  
  65  6:00  Probe (Chrono Boost)  
  65  6:02  Probe (Chrono Boost), Robotics Bay  
  65  6:03  Probe (Chrono Boost)  
  69  6:13  Probe (Chrono Boost)  
  69  6:18  Probe (Chrono Boost)  
  69  6:19  Observer  
  71  6:25  Stalker  
  71  6:26  Stalker x4  
  71  6:27  Probe  
  82  6:39  Probe  
  80  6:51  Probe  
  73  6:55  Stalker x3  
  73  6:56  Stalker x2  
  77  7:14  Probe  
  76  7:19  Stalker x2  
  76  7:20  Stalker x3  
  84  7:25  Probe  
  84  7:26  Probe  
  84  7:29  Colossus (Chrono Boost)  
  86  7:37  Probe  
  87  7:57  Pylon  
  87  7:59  Pylon  
  87  8:07  Pylon  
  87  8:08  Pylon  
  87  8:10  Pylon x2  
  87  8:11  Pylon  
  87  8:12  Assimilator  
  87  8:13  Pylon  
  87  8:15  Probe  
  87  8:17  Assimilator  
  88  8:22  Stalker x5  
  98  8:41  Nexus  
  98  8:45  Pylon  
  98  8:47  Pylon  
  98  8:50  Colossus (Chrono Boost)  
  98  8:51  Gateway  
  98  8:52  Gateway, Extended Thermal Lance  
  98  8:53  Pylon  
  98  8:54  Gateway  
  104  8:57  Gateway, Pylon  
  104  8:58  Gateway  
  104  8:59  Charge  
  104  9:01  Templar Archives  
  104  9:11  Forge  
  104  9:12  Probe, Forge  
  104  9:13  Probe x2  
  107  9:26  Probe  
  107  9:28  Nexus  
  108  9:34  Colossus (Chrono Boost)  
  108  9:38  Probe  
  115  9:42  Pylon  
  115  9:45  Pylon  
  115  9:47  Pylon  
  115  9:50  Probe, Gateway  
  115  9:52  Gateway  
  116  9:53  Gateway  
  116  9:56  High Templar x3  
  116  9:57  High Templar x3  
  116  9:59  High Templar x2, Protoss Ground Weapons Level 1 (Chrono Boost)  
  132  10:02  Probe  
  132  10:03  Protoss Ground Armor Level 1 (Chrono Boost)  
  133  10:12  Archon  
  133  10:13  Archon x2  
  133  10:14  Probe, Archon  
  133  10:19  Assimilator  
  134  10:22  Assimilator  
  134  10:28  Colossus (Chrono Boost)  
  134  10:34  Zealot x2  
  134  10:35  Zealot x5  
  152  10:36  Zealot x3  
  160  11:03  Robotics Facility  
  160  11:06  Colossus (Chrono Boost)  
  160  11:09  Probe  
  160  11:10  Probe x4  
  171  11:21  Probe  
  171  11:22  Probe x3  
  175  11:26  Stalker x4  
  175  11:27  Stalker  
  175  11:28  Zealot x5  
  175  11:29  Zealot x2  
  180  12:03  Stalker x4  
  180  12:04  Stalker x5  
  180  12:06  Zealot  
  178  12:29  Zealot  
  171  12:30  Zealot x6  
  171  12:31  Zealot x5  
Tags
 
Add a new tag
Caveats
  • Supply blocks, unpowered buildings, or Contaminate may cause inaccurate times.
  • Supply counts are checked every 10 seconds.